[Event "*** MasterClass Titled Tuesday Blitz"]
[Site "Chess.com"]
[Date "2017.09.05"]
[Round "7"]
[White "chessking2151"]
[Black "RitvarsReimanis"]
[Result "1-0"]
[WhiteElo "2346"]
[BlackElo "2459"]
[TimeControl "180+2"]
[EndTime "14:47:25 PDT"]
[Termination "chessking2151 won by resignation"]

1. e4 c5 2. Nf3 Nc6 3. Bb5 g6 4. Bxc6 bxc6 5. O-O Bg7 6. Re1 Nh6 7. h3 d6 8. c3 f6 9. d4 cxd4 10. Nxd4 Bd7 11. Qb3 Rb8 12. Qc4 Nf7 13. Ne6 Bxe6 14.
Qxe6 Qd7 15. Qc4 Ne5 16. Qe2 O-O 17. f4 Nf7 18. Be3 a5 19. Na3 Qe6 20. Bf2 g5 21.
f5 Qd7 22. Rad1 Qb7 23. Rd2 Bh6 24. Bd4 c5 25. Bf2 Ne5 26. g4 Bg7 27. Bg3 Nc6 28.
Qc4+ Kh8 29. Qd5 a4 30. Nc4 Qb5 31. Qe6 Nd8 32. Qd5 Nb7 33. Ree2 Qa6 34. Qe6 Nd8 35. Qd5 Nf7 36. Kg2 Qb7 37. Qe6 Nd8 38. Qd5 Nf7 39. Na5 Qa6 40. Nc4 h6 41. Kh2 Nd8 42. Qd3 Nc6 43.
Qd5 Qc8 44. Ne3 Na5 45. Rc2 h5 46. gxh5 Qe8 47. h6 Bxh6 48. Ng4 Bg7 49. Qe6 Qf7 50. Qd7 a3 51. b3 Qe8 52. Qe6 Nc6 53. Qc4 Qf7 54. Qd3 c4 55. bxc4 Na5 56. Qd5 Nxc4 57.
Kg2 Rb2 58. Kf3 Rxc2 59. Rxc2 Nb6 60. Qxf7 Rxf7 61. c4 Na4 62. Bf2 Rf8 63. Ne3 Rb8 64. Nd5 Bf8 65. Ke3 Rb2 66. Kd2 Rb1 67. Rc1 Rb7 68. Bd4 Kg8 69. Kc2 Rb8 70. Rb1 Rc8 71. Rb4 Nc5 72. Bxc5 Rxc5 73. Kd3 g4 74. hxg4 Kf7 75.
Rb3 Ra5 76. Rb5 Ra7 77. Nf4 Bh6 78. Ne6 Ra8 79. Kc3 Rg8 80. Kd4 Rxg4 81. Kd5 Rg2 82. Kc6 Rxa2 83. Kd7 Rb2 84. Ra5 Rb7+ 85. Kc8 Rb4 86.
Rxa3 Rxc4+ 87. Kd7 Rxe4 88. Rh3 Bg5 89. Rh8 Rxe6 90.
fxe6+ Kg7 91. Rh5 Kg6 92. Rxg5+ fxg5 93. Kxe7 g4 94. Kf8 g3 95. e7 Kf5 96. e8=Q Kf4 97. Qe1 d5 98. Qf1+ Kg4 99. Qg2 d4 100. Qe4+ Kh3 101. Qxd4 Kh2 102. Qh4+ Kg2 103. Kf7 Kf3 104. Qh1+ Kf2 105. Qh4 Kf3 106. Qf6+ Ke2 107. Qg5 Kf3 108. Qf5+ Ke3 109. Qg4 Kf2 110. Qf4+ Kg2 111. Kg6 Kh1 112. Qh4+ Kg2 113. Kf5 Kf3 114. Qf4+ Kg2 115. Kg4 Kg1 116. Qxg3+ 1-0

[Event "*** MasterClass Titled Tuesday Blitz"]
[Site "Chess.com"]
[Date "2017.09.05"]
[Round "7"]
[White "Hafez_Bakr"]
[Black "Bad4life"]
[Result "1/2-1/2"]
[WhiteElo "1877"]
[BlackElo "2155"]
[TimeControl "180+2"]
[EndTime "14:47:25 PDT"]
[Termination "Game drawn - insufficient material"]

1. e4 d6 2. d4 Nf6 3. Bd3 g6 4. Nc3 a6 5. f3 b5 6. Nge2 Bb7 7. O-O Nbd7 8. Qe1 c5 9. dxc5 dxc5 10. Ng3 c4 11.
Be2 Qb6+ 12. Kh1 h5 13. Rg1 h4 14. Nf1 b4 15. Nd1 Bxe4 16. fxe4 Nxe4 17. Bf4 e5 18. Be3 Qf6 19. h3 Rc8 20. Bf3 Ng5 21. Bd5 Bd6 22. Qf2 Qxf2 23. Nxf2 Rh5 24. Bb7 Rb8 25. Bxa6 f5 26.
Bxg5 Rxg5 27. Bxc4 Bc5 28. Nd3 Bxg1 29. Kxg1 Ke7 30.
Re1 Kd6 31. Bb3 Ra8 32. Nf2 Nc5 33. Rd1+ Ke7 34. Bc4 Rc8 35. Ne3 Na4 36. b3 Nc3 37.
Nd5+ Nxd5 38. Rxd5 e4 39. Nxe4 Rh5 40. Nc5 Kf6 41.
Be2 Rhh8 42. Bf3 Rhe8 43. Nd7+ Kg5 44. Rd2 Rc7 45. Nb6 Re1+ 46. Kh2 Ra1 47. Nd5 Rb7 48. c4 bxc3 49. Nxc3 Rc7 50. Ne2 Re7 51. g3 Re3 52.
gxh4+ Kxh4 53. Bg2 Re1 54. Rd4+ Kg5 55. Ng3 Ra1 56. h4+ Kf6 57. Rd6+ Kg7 58. h5 f4 59. Rxg6+ Kh7 60. Nf5 Rxa2 61. Rg7+ Kh8 62. h6 Ree2 63. Ne7 Ra6 64. Ng6+ Rxg6 65. Rxg6 f3 66. Kg1 Kh7 67. Rg3 fxg2 68. Rxg2 Re1+ 69. Kf2 Rb1 70. Rg3 Kxh6 71. Ke2 Kh5 72. Kd2 Kh4 73. Rc3 Kg4 74. Kc2 Rh1 75. b4 Kf5 76. Kb3 Ke6 77. Ka4 Kd6 78. Kb5 Rb1 79. Ka5 Ra1+ 80. Kb6 Rb1 81. b5 Kd7 82.
Ka6 Rh1 83. b6 Ra1+ 84. Kb7 Rb1 85. Rc5 Kd6 86. Rc4 Kd5 87. Rc2 Kd6 88. Rc4 Kd5 89. Rc6 Rh1 90. Rc3 Rb1 91. Kc7 Rh1 92. b7 Rh7+ 93.
Kb8 Kd4 94. Rc7 Rh1 95. Kc8 Rh8+ 96. Kd7 Kd5 97. Rc8 Rh7+ 98. Kd8 Rxb7 99. Rc7 Rxc7 100. Kxc7 1/2-1/2

[Event "*** MasterClass Titled Tuesday Blitz"]
[Site "Chess.com"]
[Date "2017.09.05"]
[Round "7"]
[White "VladDobrov"]
[Black "Grebeniuk-S"]
[Result "0-1"]
[WhiteElo "2596"]
[BlackElo "2406"]
[TimeControl "180+2"]
[EndTime "14:47:47 PDT"]
[Termination "Grebeniuk-S won by resignation"]

1. d4 f5 2. e4 fxe4 3. Nc3 Nf6 4.
Bg5 Nc6 5. d5 Ne5 6. Qe2 Nf7 7.
Bxf6 exf6 8. Nxe4 Be7 9. d6 cxd6 10. O-O-O O-O 11. Nc3 Re8 12. Nd5 b6 13. Re1 Bb7 14. Qc4 Rc8 15. Qb3 Bxd5 16. Qxd5 Rc5 17. Qd1 f5 18. f4 Bf6 19. Rxe8+ Qxe8 20. Nf3 Qe4 21. Qd2 Rd5 22. Bd3 Qa4 23. Kb1 g6 24. Re1 Kg7 25. a3 b5 26. Re8 a5 27. Qe2 Qxf4 28. g3 Qg4 29. Qe3 Ne5 30. Be2 Nxf3 31. Bxf3 Qd4 32. Re7+ Bxe7 33. Qxe7+ Kh6 34. Qf8+ Kg5 35. Qd8+ Kh6 36.
Bxd5 Qd1+ 37. Ka2 Qxd5+ 38. b3 a4 39. Qh4+ Kg7 40. Qe7+ Qf7 41. Qxd6 axb3+ 42. cxb3 Qe8 43. Qd4+ Kh6 44. Qd2+ Kg7 45. a4 bxa4 46. bxa4 Qe6+ 47. Ka3 h5 48. a5 Qa6 49. Qxd7+ Kh6 50. Qd2+ Kg7 51.
Qd4+ Kh6 52. Qd5 Qe2 53. Kb4 Qxh2 54. a6 Qxg3 55. a7 Qe1+ 56. Kb5 Qb1+ 57. Kc6 Qc2+ 58.
Kd7 Qa4+ 59. Ke6 Qxa7 60. Qd2+ Kh7 61. Kf6 Qg7+ 62. Ke6 Qg8+ 63. Kf6 Qf8+ 64. Ke6 Qg7 65.
Qg5 Qg8+ 66. Ke7 Qd5 67. Kf8 Qc5+ 68. Kf7 Qc7+ 69. Kf8 Qg7+ 70. Ke8 Kg8 71. Kd8 Qf7 72.
Qf4 Kg7 73. Kc8 Qe7 74. Qd4+ Kf7 75. Qf4 Kf6 76. Qh4+ Ke6 77. Qe1+ Kf7 78. Qd2 h4 79. Qh6 Ke6 80. Qxg6+ Qf6 81. Qe8+ Kd5 82. Qd7+ Ke4 83. Qd1 Qd4 84. Qh1+ Ke5 85. Qh2+ Qf4 86. Qe2+ Qe4 87.
Qh5 Qg4 88. Qe8+ Kf4 89. Kd7 Kg3 90. Qe1+ Kh3 91. Qh1+ Kg3 92. Qg1+ Kf4 93. Qf2+ Kg5 94. Qe3+ Qf4 95. Qe7+ Kg4 96. Qe2+ Qf3 97. Qh2 f4 98. Ke6 Qe4+ 99. Kf6 Qf5+ 100. Kg7 Qg5+ 101. Kf7 h3 102. Qg1+ Kh4 103. Qe1+ Qg3 104. Qe7+ Kg4 105. Qe6+ Kf3 106. Qd5+ Kf2 107. Qd4+ Kf1 108. Qd1+ Kg2 109. Qd5+ f3 110. Qd2+ f2 111. Ke6 Qf3 112. Qg5+ Kh1 113. Ke5 f1=Q 114. Qg2+ Q3xg2 0-1

[Event "*** MasterClass Titled Tuesday Blitz"]
[Site "Chess.com"]
[Date "2017.09.05"]
[Round "7"]
[White "Keaton87"]
[Black "Aygehovit1992"]
[Result "1-0"]
[WhiteElo "2491"]
[BlackElo "2444"]
[TimeControl "180+2"]
[EndTime "14:49:07 PDT"]
[Termination "Keaton87 won by resignation"]

1. e4 c6 2. Nc3 d5 3. Nf3 Bg4 4. h3 Bxf3 5. Qxf3 e6 6. d4 Nd7 7.
Bd3 dxe4 8. Nxe4 Ngf6 9. c3 Nxe4 10. Qxe4 Nf6 11. Qe2 Be7 12. O-O O-O 13. Re1 a5 14. Bd2 a4 15. Rad1 Qb6 16. Bc1 Rfd8 17. Bb1 c5 18.
Be3 g6 19. Qc2 Nd5 20. Bh6 cxd4 21. Rxd4 Bc5 22. Rh4 a3 23. b4 Be7 24. Rc4 Rac8 25. Qb3 Bf6 26. Rxc8 Rxc8 27. c4 Qxb4 28. Qxb4 Nxb4 29.
Bc1 Bb2 30. Bxb2 axb2 31. Re2 Rxc4 32. Rxb2 b6 33. a3 Nd5 34. Ba2 Rc1+ 35. Kh2 Nc3 36. Bb3 Kg7 37. Kg3 h5 38. Kf3 Kf6 39. Bc2 g5 40.
Bd3 Nd5 41. Rb3 Rc3 42. Rxc3 Nxc3 43. g3 Ke5 44. h4 g4+ 45. Ke3 f5 46. Bc4 Nd5+ 47.
Kd3 f4 48. Bb5 Nf6 49. Bc6 Kd6 50. Ba4 e5 51. Bc2 Ke6 52. Kc4 e4 53. Kd4 Kf5 54. Bb1 Ke6 55. Bxe4 fxg3 56. fxg3 Ne8 57. Bg6 Ng7 58.
Kc4 Kf6 59. Be4 Ke5 60. Bg6 Kf6 61. Bd3 Ke5 62. Kb5 Nf5 63. Bxf5 Kxf5 64. Kxb6 Ke4 65.
a4 Kf3 66. a5 Kxg3 67. a6 Kh2 68. a7 g3 69. a8=Q g2 70. Qb8+ Kh1 71. Qb7 Kh2 72.
Qc7+ Kh3 73. Qc5 Kh2 74. Qe5+ Kh1 75. Qe4 Kh2 76. Qf4+ Kh1 77. Qf3 Kh2 78. Qf2 Kh1 79. Qf3 Kh2 80. Qf4+ Kh1 81. Qe4 Kh2 82. Qe5+ Kh1 83.
Qxh5 g1=Q+ 84. Kc6 Qc1+ 85. Kd6 Qa3+ 86. Ke6 Qa6+ 87.
Kf7 Qb7+ 88. Kg6 Qc6+ 89. Kh7 Qe4+ 90. Kh6 Kh2 91. Qg5 Kh3 92. h5 Qe6+ 93. Qg6 Qe3+ 94. Kg7 Qd4+ 95. Qf6 Qg4+ 96. Kh6 Qc8 97. Qf3+ Kh4 98.
Qf2+ Kg4 99. Qg2+ Kh4 100. Qg5+ Kh3 101. Qe3+ Kh4 102. Qd4+ Kh3 103. Qd3+ Kh4 104. Qe4+ Kh3 105. Qe7 Kg4 106. Qe4+ Kh3 107. Qd5 Kg4 108. Qe4+ Kh3 109. Kg5 Qd8+ 110. Kg6 Qd6+ 111. Kg5 Qd8+ 112. Kg6 Qd6+ 113. Kf7 Qd7+ 114. Kf6 Qd8+ 115. Kg7 Qd7+ 116. Kh6 Qd6+ 117. Qg6 Qd2+ 118. Kh7 Qd7+ 119. Qg7 Qd3+ 120. Qg6 Qd7+ 121. Kg8 Qd8+ 122. Kf7 Qc7+ 123. Kf8 Qd8+ 124. Qe8 Qd6+ 125. Kg7 Qc7+ 126. Kg8 Qc4+ 127. Qf7 Qc8+ 128. Kh7 Qc2+ 129. Kg7 Qc3+ 130. Kf8 Qc8+ 131. Ke7 Qc7+ 132. Kf6 Qc3+ 133. Kg5 Qc1+ 134. Qf4 Qc5+ 135. Qf5+ 1-0

[Event "*** MasterClass Titled Tuesday Blitz"]
[Site "Chess.com"]
[Date "2017.09.05"]
[Round "8"]
[White "andreimacovei2000"]
[Black "GMKrikor"]
[Result "0-1"]
[WhiteElo "2430"]
[BlackElo "2587"]
[TimeControl "180+2"]
[EndTime "14:52:52 PDT"]
[Termination "GMKrikor won by resignation"]

1. d4 Nf6 2. Nc3 d5 3. Bg5 Nbd7 4. e3 e6 5. Bd3 c5 6. dxc5 Nxc5 7. Nf3 Nxd3+ 8. cxd3 Be7 9. O-O O-O 10. Rc1 Bd7 11.
Ne5 Be8 12. Qb3 Qb6 13. Qxb6 axb6 14. a3 h6 15. Bxf6 Bxf6 16. d4 Be7 17. Nd3 f6 18. f3 Bd7 19. e4 dxe4 20. f4 exd3 0-1

[Event "*** MasterClass Titled Tuesday Blitz"]
[Site "Chess.com"]
[Date "2017.09.05"]
[Round "8"]
[White "abubakrtagelsir"]
[Black "Jahonas"]
[Result "1-0"]
[WhiteElo "2234"]
[BlackElo "2225"]
[TimeControl "180+2"]
[EndTime "14:53:13 PDT"]
[Termination "abubakrtagelsir won by resignation"]

1. e4 c6 2. d4 d5 3. f3 Qb6 4.
Nc3 dxe4 5. fxe4 e6 6. Nf3 Nf6 7. Bd3 Be7 8. O-O c5 9. Kh1 cxd4 10. Nxd4 Nc6 11. Nxc6 bxc6 12. e5 Nd5 13. Qh5 g6 14. Qf3 f5 15. exf6 Nxf6 16. Bh6 Rg8 17. Ne4 Qxb2 18.
Nxf6+ 1-0

[Event "*** MasterClass Titled Tuesday Blitz"]
[Site "Chess.com"]
[Date "2017.09.05"]
[Round "8"]
[White "mwpchess"]
[Black "Quiet_Desperation"]
[Result "1/2-1/2"]
[WhiteElo "2421"]
[BlackElo "2223"]
[TimeControl "180+2"]
[EndTime "14:54:01 PDT"]
[Termination "Game drawn by repetition"]

1. e4 Nc6 2. Nf3 d6 3. d4 Nf6 4.
d5 Nb8 5. c3 g6 6. h3 Bg7 7.
Bd3 O-O 8. O-O c6 9. c4 cxd5 10.
exd5 Nbd7 11. Nc3 Nc5 12. Bc2 a5 13. Rb1 Bd7 14. b3 Ng4 15. Bb2 Ne5 16. Nd4 Ned3 17.
Bxd3 Bxd4 18. Bxg6 Bxc3 19. Bxh7+ Kxh7 20. Qh5+ Kg8 21. Qg5+ Kh7 22. Qh5+ Kg8 23. Qg5+ Kh7 24. Qh5+ 1/2-1/2

[Event "*** MasterClass Titled Tuesday Blitz"]
[Site "Chess.com"]
[Date "2017.09.05"]
[Round "8"]
[White "jlandaw"]
[Black "josiwales"]
[Result "1-0"]
[WhiteElo "2406"]
[BlackElo "2313"]
[TimeControl "180+2"]
[EndTime "14:54:13 PDT"]
[Termination "jlandaw won by resignation"]

1. e4 c5 2. Nc3 e6 3. g3 Nc6 4.
Bg2 g6 5. d3 Bg7 6. Be3 d6 7.
f4 Nge7 8. Nf3 O-O 9. O-O Rb8 10. a3 b5 11. Rb1 a5 12. a4 b4 13. Nb5 Ba6 14. c4 Bxb5 15. axb5 Nd4 16. Nxd4 cxd4 17. Bd2 f5 18. e5 dxe5 19. fxe5 Bxe5 20. Qe2 Bg7 21.
Qxe6+ Kh8 22. Bg5 Re8 23. Rbe1 Rb6 24. Bc6 1-0

[Event "*** MasterClass Titled Tuesday Blitz"]
[Site "Chess.com"]
[Date "2017.09.05"]
[Round "8"]
[White "K_A_S_T_O_R"]
[Black "johnathan113"]
[Result "0-1"]
[WhiteElo "2599"]
[BlackElo "2531"]
[TimeControl "180+2"]
[EndTime "14:54:19 PDT"]
[Termination "johnathan113 won by resignation"]

1. e4 c5 2. Nf3 g6 3. d4 cxd4 4. Nxd4 Nc6 5. c4 Bg7 6. Be3 Nf6 7. Nc3 O-O 8. Be2 b6 9. O-O Bb7 10. Ndb5 Rc8 11. f3 d6 12. Rc1 Qd7 13. Qd2 Rfd8 14. Rfd1 h5 15. b3 Qe8 16. Nd5 Nd7 17. Bg5 Nc5 18. Nxa7 Nxa7 19. Nxe7+ Kh7 20. Nxc8 Rxc8 21.
Qxd6 Nc6 22. Kh1 Ne6 23. Bh4 Ned4 24. Bf1 Be5 25. Qa3 Ra8 26. Qb2 Nxf3 27. Qf2 Nxh4 28.
Qxh4 Rxa2 29. Rd5 Nd4 30. Rd8 Qe6 31. Re1 Bf6 0-1

[Event "*** MasterClass Titled Tuesday Blitz"]
[Site "Chess.com"]
[Date "2017.09.05"]
[Round "8"]
[White "Me_ch_an"]
[Black "VladDobrov"]
[Result "0-1"]
[WhiteElo "2203"]
[BlackElo "2598"]
[TimeControl "180+2"]
[EndTime "14:54:57 PDT"]
[Termination "VladDobrov won by resignation"]

1. e4 c5 2. Na3 g6 3. c3 Bg7 4. f4 d5 5. e5 Nc6 6. Nf3 Bg4 7. Be2 f6 8. d4 Nh6 9. Be3 Nf5 10. Bf2 Bxf3 11.
Bxf3 cxd4 12. cxd4 fxe5 13. dxe5 Qa5+ 14. Qd2 Qxd2+ 15.
Kxd2 e6 16. Nb5 O-O 17. Nc7 Bh6 18. Nxa8 Bxf4+ 19. Ke2 Rxa8 20. Rac1 Bxc1 21. Rxc1 Kf7 22. g4 Nfd4+ 23. Bxd4 Nxd4+ 24. Ke3 Nc6 25. Kf4 Ke7 26. Re1 h6 27. h4 Rf8+ 28. Kg3 g5 29. hxg5 hxg5 30.
a3 a5 31. b4 axb4 32. axb4 Nxb4 33. Rb1 Rf4 34. Rb3 Kd7 35. Rb1 Kc7 36. Rh1 Rf7 37. Rh6 Nc6 38. Rxe6 Rxf3+ 0-1

[Event "*** MasterClass Titled Tuesday Blitz"]
[Site "Chess.com"]
[Date "2017.09.05"]
[Round "8"]
[White "Muracle"]
[Black "PrinceMurad09"]
[Result "0-1"]
[WhiteElo "2444"]
[BlackElo "2366"]
[TimeControl "180+2"]
[EndTime "14:55:01 PDT"]
[Termination "PrinceMurad09 won by resignation"]

1. Nf3 Nf6 2. g3 d5 3. Bg2 Nc6 4. d4 g6 5. O-O Bg7 6. Ne5 O-O 7. c4 e6 8. cxd5 exd5 9. Nxc6 bxc6 10. b3 c5 11. Bb2 Ne4 12. Nd2 Bb7 13. Rc1 cxd4 14. Nf3 c5 15. Ne1 Rc8 16. Nf3 Qa5 17. a3 Nc3 18.
Qc2 Rfe8 19. Rfe1 Ba6 20. Bf1 Qb6 21. e3 Bxf1 22. Rxf1 Rb8 23. exd4 Ne2+ 24. Kg2 Nxc1 25. dxc5 Qxb3 26. Rxc1 Qxc2 27. Rxc2 Rxb2 0-1

[Event "*** MasterClass Titled Tuesday Blitz"]
[Site "Chess.com"]
[Date "2017.09.05"]
[Round "8"]
[White "nihalsarin"]
[Black "Fianchettoed-Tower"]
[Result "1-0"]
[WhiteElo "2638"]
[BlackElo "2388"]
[TimeControl "180+2"]
[EndTime "14:55:17 PDT"]
[Termination "nihalsarin won by resignation"]

1. e4 g6 2. Nf3 Bg7 3. d4 d6 4. Bc4 Nf6 5. Qe2 O-O 6. O-O Bg4 7. c3 Nc6 8. h3 Bxf3 9. Qxf3 e5 10. d5 Ne7 11.
Qe2 Nh5 12. a4 Nf4 13. Bxf4 exf4 14. Nd2 g5 15. Nf3 Ng6 16. a5 Qd7 17. a6 b6 18.
Bb5 Qe7 19. Nd4 Bxd4 20. cxd4 f6 21. Rfe1 Nh4 22. Qg4 Qf7 23. Rac1 Kh8 24. Rc3 h5 25. Qd7 Qg6 26. g3 Rf7 27. Qe6 f3 28. Be8 Rxe8 29.
Qxe8+ Kh7 30. Rec1 Qg7 31. Qxf7 Qxf7 32. Rxc7 1-0

[Event "*** MasterClass Titled Tuesday Blitz"]
[Site "Chess.com"]
[Date "2017.09.05"]
[Round "8"]
[White "JaimeSantosLatasa"]
[Black "TomsKantans"]
[Result "1-0"]
[WhiteElo "2593"]
[BlackElo "2422"]
[TimeControl "180+2"]
[EndTime "14:55:30 PDT"]
[Termination "JaimeSantosLatasa won on time"]

1. d4 Nf6 2. c4 g6 3. Nc3 d5 4. Nf3 Bg7 5. h4 dxc4 6. e4 c5 7. d5 b5 8. h5 O-O 9. hxg6 fxg6 10.
e5 Ng4 11. d6 e6 12. Rxh7 Nc6 13. Rxg7+ Kxg7 14. Bg5 Qb6 15. d7 Ncxe5 16. Nxe5 Nxe5 17. d8=Q Rxd8 18. Bxd8 Qc6 19. Qd2 Bb7 20. Qg5 Nf7 21.
Qf6+ Kf8 22. Qe7+ Kg7 23. Qf6+ Kf8 24. O-O-O b4 25. Qe7+ Kg8 26. Rd7 1-0

[Event "*** MasterClass Titled Tuesday Blitz"]
[Site "Chess.com"]
[Date "2017.09.05"]
[Round "8"]
[White "chesstatour"]
[Black "Indianlad"]
[Result "0-1"]
[WhiteElo "2071"]
[BlackElo "2604"]
[TimeControl "180+2"]
[EndTime "14:55:38 PDT"]
[Termination "Indianlad won on time"]

1. c4 c5 2. Nf3 g6 3. Nc3 Bg7 4. g3 Nc6 5. Bg2 d6 6. O-O h5 7. h4 Nh6 8. Rb1 Bg4 9. d3 Bxf3 10. Bxf3 Nf5 11. e3 e6 12. Bd2 Rb8 13. a3 Ne5 14. Be2 O-O 15. Be1 b6 16. b4 Qd7 17.
Qa4 Qb7 18. Qd1 Rfd8 19. Ne4 Qe7 20. Kh2 Bh6 21. Qd2 d5 22. cxd5 exd5 23. Nc3 d4 24.
Ne4 dxe3 25. fxe3 Nxe3 0-1

[Event "*** MasterClass Titled Tuesday Blitz"]
[Site "Chess.com"]
[Date "2017.09.05"]
[Round "8"]
[White "Vamostodorecto"]
[Black "Rodalquilar"]
[Result "0-1"]
[WhiteElo "2327"]
[BlackElo "2497"]
[TimeControl "180+2"]
[EndTime "14:56:01 PDT"]
[Termination "Rodalquilar won by resignation"]

1. d4 Nf6 2. c4 c5 3. d5 b5 4. cxb5 a6 5. Nc3 axb5 6. e4 b4 7. Nb5 d6 8. Bc4 Nbd7 9. Nf3 g6 10. b3 Bg7 11. Bb2 O-O 12. Qe2 Nb6 13. Bd3 Ba6 14. a4 bxa3 15. Rxa3 Bxb5 16. Bxb5 Nxe4 17. Rxa8 Qxa8 18.
O-O Bxb2 19. Qxb2 Qxd5 20. Re1 e5 21. h4 Rb8 22. h5 Nc8 23. Ba4 Ne7 24. Qe2 Nc3 25. Qa6 Nxa4 26. bxa4 Qc6 27. Qa7 Rb7 28. Qa8+ Qc8 29. Qa6 Rd7 30. h6 Qxa6 0-1

[Event "*** MasterClass Titled Tuesday Blitz"]
[Site "Chess.com"]
[Date "2017.09.05"]
[Round "8"]
[White "cheese111"]
[Black "W_Amadeus"]
[Result "1-0"]
[WhiteElo "2340"]
[BlackElo "2401"]
[TimeControl "180+2"]
[EndTime "14:56:07 PDT"]
[Termination "cheese111 won by resignation"]

1. e4 e5 2. Nf3 Nc6 3. Bc4 Nf6 4.
d3 Be7 5. O-O O-O 6. Re1 d6 7.
a4 Na5 8. Ba2 c5 9. c3 Nc6 10.
Na3 h6 11. Bd2 a6 12. h3 Re8 13. Nc4 Be6 14. b4 cxb4 15. cxb4 b5 16. axb5 axb5 17.
Na5 Bxa2 18. Rxa2 Qd7 19. Qb3 Bf8 20. Rc1 Rec8 21. Be3 Nxa5 22. bxa5 Rxc1+ 23. Bxc1 d5 24. Nxe5 Qc7 25. Bf4 dxe4 26. dxe4 Nxe4 27. Qd5 Nc3 28. Qxa8 Nxa2 29. Ng6 Qc5 30. Qxf8+ Qxf8 31. Nxf8 Nb4 32.
Bd6 Nc6 33. a6 f6 34. Ne6 Kf7 35. Nd8+ Nxd8 36. a7 Nb7 37. Bb4 1-0

[Event "*** MasterClass Titled Tuesday Blitz"]
[Site "Chess.com"]
[Date "2017.09.05"]
[Round "8"]
[White "VSERGUEI"]
[Black "Noukii"]
[Result "0-1"]
[WhiteElo "2560"]
[BlackElo "2657"]
[TimeControl "180+2"]
[EndTime "14:56:34 PDT"]
[Termination "Noukii won on time"]

1. d4 d5 2. c4 c6 3. cxd5 cxd5 4. Bf4 Nc6 5. e3 Nf6 6. Nc3 a6 7. Bd3 Bg4 8. Nge2 Bxe2 9. Qxe2 g6 10. O-O Bg7 11. h3 O-O 12. Rac1 Re8 13. Rfd1 e6 14. a3 Nd7 15. Bg3 Qa5 16. f4 Rac8 17. Be1 Qd8 18. Na4 b5 19. Nc5 Nxc5 20. dxc5 e5 21.
f5 e4 22. Bb1 gxf5 23. Ba2 d4 24. Qh5 Qf6 25. exd4 Nxd4 26. Bc3 Red8 27. Bxd4 Rxd4 28. Rxd4 Qxd4+ 29. Kh1 Qf6 30. b4 Qg6 31. Qe2 Be5 32. g4 Qh6 33. Qf1 Qd2 34. Qg1 Qxa2 35. gxf5+ Kh8 36.
f6 Rg8 0-1

[Event "*** MasterClass Titled Tuesday Blitz"]
[Site "Chess.com"]
[Date "2017.09.05"]
[Round "8"]
[White "Sanan_Sjugirov"]
[Black "JSPrepz"]
[Result "0-1"]
[WhiteElo "2633"]
[BlackElo "2499"]
[TimeControl "180+2"]
[EndTime "14:56:43 PDT"]
[Termination "JSPrepz won by resignation"]

1. d4 Nf6 2. c4 c5 3. d5 b5 4.
cxb5 a6 5. e3 Bb7 6. Nc3 e6 7. e4 axb5 8. Bxb5 exd5 9. exd5 Bd6 10. Nge2 O-O 11. O-O Na6 12. Ng3 Nc7 13. Bc4 Be5 14. d6 Ne6 15. Re1 Bd4 16. Nb5 Qb6 17. Nxd4 cxd4 18. Nf5 Kh8 19. b3 Qc6 20.
f3 Qc5 21. Bd3 Ba6 22. Re2 Qd5 23. Bb2 Bxd3 24. Qxd3 Nf4 25. Ne7 Qxd6 26. Nf5 Qd5 27. Ne7 Qc5 28. Rc2 Nxd3 0-1

[Event "*** MasterClass Titled Tuesday Blitz"]
[Site "Chess.com"]
[Date "2017.09.05"]
[Round "8"]
[White "Hafez_Bakr"]
[Black "pawnwonder"]
[Result "0-1"]
[WhiteElo "1872"]
[BlackElo "1997"]
[TimeControl "180+2"]
[EndTime "14:56:46 PDT"]
[Termination "pawnwonder won by checkmate"]

1. e4 c5 2. Nf3 Nc6 3. d4 cxd4 4. Nxd4 g6 5. Be3 Bg7 6. c3 Nf6 7. f3 O-O 8. Na3 d5 9. Nxc6 bxc6 10. e5 Nd7 11. f4 e6 12. g3 c5 13. Bg2 Rb8 14.
Qd2 Qa5 15. O-O Ba6 16. Rfb1 Rfc8 17. Nc2 Nb6 18. b3 Nd7 19. a4 f6 20. b4 cxb4 21.
cxb4 Qc7 22. Nd4 Nf8 23. Rc1 Qd7 24. b5 Bb7 25. Nb3 fxe5 26. Nc5 Qe7 27. Nxb7 Qxb7 28. Rab1 e4 29. Qf2 Ra8 30. Rxc8 Qxc8 31. Rc1 Qd7 32.
Rc6 d4 33. Bc1 e3 34. Qa2 Rc8 35. Bb2 e2 36. Kf2 d3 37. Bxg7 Kxg7 38. Ke3 Rd8 39. Kd2 Qd4 40. Rc7+ Kg8 41. Bh3 e1=Q+ 42. Kxe1 d2+ 43. Kd1 Qg1+ 44. Kc2 d1=Q+ 45. Kc3 Qgd4# 0-1

[Event "*** MasterClass Titled Tuesday Blitz"]
[Site "Chess.com"]
[Date "2017.09.05"]
[Round "8"]
[White "PowerThinking2650"]
[Black "3f32"]
[Result "1-0"]
[WhiteElo "2241"]
[BlackElo "2368"]
[TimeControl "180+2"]
[EndTime "14:56:54 PDT"]
[Termination "PowerThinking2650 won by resignation"]

1. e4 c5 2. Nf3 d6 3. d4 cxd4 4. Nxd4 Nf6 5. Nc3 a6 6. Be3 e5 7.
Nb3 Be6 8. f3 b5 9. Qd2 Nbd7 10.
g4 h6 11. Nd5 Bxd5 12. exd5 Nb6 13. Bxb6 Qxb6 14. Na5 Nxd5 15. Qxd5 Qxa5+ 16. c3 Rc8 17. Bd3 Be7 18. Qe4 Bh4+ 19. Ke2 Qb6 20. Rhf1 Qc6 21.
Qxc6+ Rxc6 22. a4 O-O 23. axb5 axb5 24. Bxb5 Rc5 25. c4 d5 26. b4 Rxb5 27. cxb5 Rb8 28.
Ra5 Bd8 29. Rb1 Kf8 30. b6 Bxb6 31. Rxd5 Bd4 32. Rd7 Ke8 33. Rc7 Rb5 34. Kd3 h5 35. gxh5 Rb6 36. b5 Rh6 37. Ke4 Rxh5 38. b6 f5+ 39.
Kd5 Kd8 40. b7 Ba7 41. Rc8+ Kd7 42. Ra8 Bb8 1-0

[Event "*** MasterClass Titled Tuesday Blitz"]
[Site "Chess.com"]
[Date "2017.09.05"]
[Round "8"]
[White "DiogenesSinopeus"]
[Black "NTBT_DHS"]
[Result "1-0"]
[WhiteElo "2380"]
[BlackElo "2493"]
[TimeControl "180+2"]
[EndTime "14:56:57 PDT"]
[Termination "DiogenesSinopeus won by checkmate"]

1. d4 g6 2. c4 Bg7 3. Nf3 Nf6 4. Nc3 O-O 5. e4 d6 6. Be2 e5 7. dxe5 dxe5 8. Qxd8 Rxd8 9. Nd5 Nxd5 10. cxd5 c6 11. Bc4 b5 12. Bb3 a5 13. Bg5 Rd7 14. Rc1 Bb7 15. Ke2 a4 16. dxc6 Nxc6 17. Bd5 Nd4+ 18.
Nxd4 Bxd5 19. exd5 exd4 20. Rc5 Rb8 21. Rhc1 h6 22. Bf4 Rbb7 23. Kd3 g5 24. Bd2 Kh7 25.
Re1 Bf8 26. Rc8 Bd6 27. Ree8 b4 28. g4 Bxh2 29. Rh8+ Kg7 30. Rcg8+ Kf6 31. Rxh6+ Ke7 32. Rxh2 Rxd5 33. Rxg5 Rxg5 34. Bxg5+ Ke8 35. Rh8+ Kd7 36. Rd8+ Ke6 37. Rxd4 f6 38. Bd2 b3 39. a3 Ra7 40.
Be3 Ra6 41. f4 Kf7 42. f5 Ke7 43. g5 fxg5 44. Bxg5+ Kf7 45. Rd7+ Ke8 46. Rb7 Rc6 47. f6 Re6 48. Re7+ Rxe7 49. fxe7 Kf7 50. Kc4 Ke8 51. Kb4 Kd7 52. Kxa4 Ke8 53. Kxb3 Kd7 54. Kc4 Ke8 55. Kd5 Kd7 56. a4 Ke8 57. a5 Kf7 58. Kd6 Ke8 59.
a6 Kf7 60. Kd7 Kg7 61. e8=Q Kh7 62. Qf7+ Kh8 63. Bf6# 1-0

[Event "*** MasterClass Titled Tuesday Blitz"]
[Site "Chess.com"]
[Date "2017.09.05"]
[Round "8"]
[White "Rokis13"]
[Black "MITerryble"]
[Result "0-1"]
[WhiteElo "2361"]
[BlackElo "2685"]
[TimeControl "180+2"]
[EndTime "14:57:04 PDT"]
[Termination "MITerryble won by checkmate"]

1. e4 e6 2. d3 d5 3. Nd2 Nf6 4.
Ngf3 b6 5. g3 dxe4 6. dxe4 Bc5 7.
Bg2 Ba6 8. a3 Ng4 9. Rf1 Bxf1 10. Kxf1 Bxf2 11. Qe2 Bc5 12. Nb3 Be7 13. e5 Nd7 14. h3 Nh6 15. Bxh6 gxh6 16. Rd1 c5 17. Nh2 Rc8 18. Ng4 h5 19. Nh6 Bg5 20. Qxh5 Bxh6 21. Qxh6 Qe7 22. Qg7 Qf8 23. Qg5 Rg8 24. Qd2 Nxe5 25.
Qf4 Qg7 26. g4 h5 27. Re1 f6 28. Nd2 hxg4 29. Ne4 Ke7 30. hxg4 Rcf8 31. Bh3 Rh8 32.
Nf2 Qh6 33. Qe4 Rd8 34. Bg2 Rd4 35. Qb7+ Rd7 36. Qe4 Qg5 37. b4 Kf7 38. bxc5 bxc5 39. Qa4 Re7 40. Ne4 Qf4+ 41. Kg1 Nxg4 42. Rd1 Qe3+ 43.
Kf1 Nh2# 0-1

[Event "*** MasterClass Titled Tuesday Blitz"]
[Site "Chess.com"]
[Date "2017.09.05"]
[Round "8"]
[White "Blitzstream"]
[Black "HanSchut"]
[Result "1-0"]
[WhiteElo "2483"]
[BlackElo "2326"]
[TimeControl "180+2"]
[EndTime "14:57:09 PDT"]
[Termination "Blitzstream won on time"]

1. g4 d5 2. Bg2 c6 3. g5 e5 4.
d4 e4 5. c4 Be7 6. h4 h6 7. g6 fxg6 8. Nc3 Nf6 9. Bf4 O-O 10.
e3 Na6 11. a3 Bd6 12. Nge2 Bg4 13. Qb3 Bxe2 14. Nxe2 dxc4 15. Qxb7 Qa5+ 16. Kf1 Bxf4 17. Nxf4 Rab8 18. Qxc6 Rxb2 19. Qxc4+ Kh7 20. Rd1 Ng4 21.
Qe6 Rxf4 22. exf4 Rxf2+ 23. Kg1 Rxf4 24. h5 Rf2 25. hxg6+ Kh8 26. Qe8+ 1-0